 Dungeon Crawl Stone Soup version 0.32-a0-933-ga8fa3634e4 (webtiles) character file.

Game seed: 10158636704751223283

11271 jasper the Cleaver (level 11, -15/95 HPs)
             Began as a Mountain Dwarf Fighter on Apr 14, 2024.
             Was a High Priest of Okawaru.
             Demolished by a cyclops (19 damage)
             ... on level 11 of the Dungeon on Apr 15, 2024.
             The game lasted 00:14:01 (10734 turns).

jasper the Cleaver (Mountain Dwarf Fighter)        Turns: 10734, Time: 00:14:02

Health: -15/95     AC: 20    Str: 20    XL:     11   Next: 47%
Magic:  17/17      EV:  7    Int: 10    God:    Okawaru [*****.]
Gold:   452        SH:  6    Dex: 17    Spells: 8/10 levels left

rFire   . . .        A - +7 broad axe (elec)
rCold   . . .        c - +0 buckler
rNeg    . . .        h - +0 plate armour
rPois   .            r - +0 helmet
rElec   .            Q - +0 cloak
rCorr   .            (no gloves)
SInv    +            x - +2 pair of boots
Will    +....        (no amulet) Stlth
                     e - ring of see invisible
HPRegen 0.35/turn    g - +6 ring of dexterity
MPRegen 0.15/turn

%: no passive effects
@: no status effects
A: runic magic, artefact enchanting
a: Renounce Religion, Heroism, Finesse, Duel


You were on level 11 of the Dungeon.
You worshipped Okawaru.
Okawaru was extremely pleased with you.
You visited 3 branches of the dungeon, and saw 13 of its levels.
You also visited: Bailey.

You collected 599 gold pieces.
You spent 147 gold pieces at shops.

Inventory:

Hand Weapons
 a - a +1 vampiric war axe
 i - a +0 flail
 u - a +2 trident of protection
 A - a +7 broad axe of electrocution (weapon)
 G - a +0 broad axe
 J - a +0 broad axe
Missiles
 d - 5 darts of dispersal
 f - 86 stones
 n - 15 poisoned darts
 C - 5 boomerangs (quivered)
 M - 6 javelins
Armour
 b - a +0 scale mail
 c - a +0 buckler (worn)
 h - a +0 plate armour (worn)
 k - a +0 tower shield
 r - a +0 helmet (worn)
 x - a +2 pair of boots (worn)
 Q - a +0 cloak (worn)
Jewellery
 e - a ring of see invisible (left hand)
 g - a +6 ring of dexterity (right hand)
 o - a ring of magical power
 H - an amulet of guardian spirit
Wands
 l - a wand of light (16)
 t - a wand of flame (33)
 F - a wand of iceblast (13)
 L - a wand of mindburst (7)
Scrolls
 y - 2 scrolls of vulnerability
 z - 7 scrolls of teleportation
 B - 2 scrolls of poison
 D - 2 scrolls of fear
 E - a scroll of torment
 N - a scroll of revelation
 O - a scroll of identify
 P - a scroll of noise
Potions
 j - 2 potions of haste
 m - a potion of enlightenment
 p - 2 potions of brilliance
 q - 3 potions of magic
 s - 3 potions of heal wounds
 v - 2 potions of attraction
 w - a potion of curing
 I - 2 potions of invisibility
 K - a potion of mutation


   Skills:
 + Level 8.5 Fighting
 * Level 12.3 Axes
 + Level 8.5 Armour
 + Level 5.1 Dodging
 + Level 8.3 Shields
 - Level 8.0 Invocations


You had 8 spell levels left.
You knew the following spells:

 Your Spells              Type           Power      Damage    Failure   Level
a - Blink                 Tloc           0%         N/A       80%         2

Your spell library contained the following spells:

 Spells                   Type           Power      Damage    Failure   Level
 Static Discharge         Conj/Air       0%         3-3/arc   80%         2
 Inner Flame              Hex/Fire       0%         N/A       95%         3
 Volatile Blastmotes      Fire/Tloc      0%         2d10      95%         3
 Airstrike                Air            0%         2d(0-16)  100%        4
 Flame Wave               Conj/Fire      0%         2d4       100%        4
 Sticky Flame             Fire/Alch      0%         2d4       100%        4
 Conjure Ball Lightning   Conj/Air       0%         3x3d6     100%        6
 Discord                  Hex            0%         N/A       100%        8
 Disjunction              Tloc           0%         N/A       100%        8
 Animate Armour           Summ/Erth      Unusable   N/A       N/A         4
 Summon Lightning Spire   Summ/Air       Unusable   N/A       N/A         4

Dungeon Overview and Level Annotations

Branches:
Dungeon (11/15)            Temple (1/1) D:4            Lair (1/5) D:9
    Orc (0/2) D:9          Bailey (visited)

Altars:
Ashenzari
Cheibriados
Dithmenos
Elyvilon
Fedhas
Gozag
Hepliaklqana
Kikubaaqudgha
Makhleb
Nemelex Xobeh
Okawaru
Qazlal
Ru
Sif Muna
Trog
Uskayaw
Vehumet
Wu Jian
Xom
Yredelemnul
Zin
The Shining One

Shops:
D:5 (


Innate Abilities, Weirdness & Mutations

Your spellcasting is much less encumbered by armour.
You can use scrolls of enchantment on lesser artefacts.


Message History

You barely miss the killer bee.
* * * LOW HITPOINT WARNING * * *
You feel very sick.
The killer bee stings you but does no damage.
The killer bee stings you.
* * * LOW HITPOINT WARNING * * *
You take 9 damage, and have 10/95 hp.
You feel better. The killer bee closely misses you.
You block the cyclops's attack.
The killer bee stings you but does no damage.
You regained 11 hp, and now have 21/95 hp.
You slash the cyclops!
The cyclops is moderately wounded.
You closely miss the killer bee.
The killer bee stings you but does no damage.
You block the killer bee's attack. The cyclops barely misses you.
You hit the cyclops. Lightning courses through the cyclops!
The cyclops is severely wounded.
You closely miss the killer bee.
The killer bee stings you but does no damage.
The killer bee closely misses you.
You hit the cyclops.
The cyclops is severely wounded.
You completely miss the killer bee. The killer bee stings you.
* * * LOW HITPOINT WARNING * * *
You are poisoned.
The killer bee poisons you! The cyclops barely misses you.
The killer bee stings you.
* * * LOW HITPOINT WARNING * * *
You take 10 damage, and have 11/95 hp.
You feel better. You block the killer bee's attack.
The killer bee stings you but does no damage.
The cyclops hits you!
* * * LOW HITPOINT WARNING * * *
You take 7 damage, and have 4/95 hp.
You closely miss the killer bee.
The killer bee is severely wounded.
You barely miss the cyclops. You block the killer bee's attack. x2
The cyclops hits you!!
You die...

## ##.. #
...# #.. #..#
.... . #..##
..... (..
#.†#...#
.#..####.†..#
.......y###.#
#...##.@# .
#.C# ##.# #.#
#.. ##. . .#


You could see a cyclops and a killer bee.

Vanquished Creatures
  2 vault guards (Bailey)
  A catoblepas (D:10)
  A two-headed ogre (D:10)
  A cyclops (D:10)
  A gargoyle (D:10)
  An efreet (D:10)
  An unseen horror (D:11)
  Maggie (D:9)
  A troll (D:10)
  Prince Ribbit (Bailey)
  A shadow (D:10)
  A wraith (D:9)
  A wyvern (D:7)
  5 humans (Bailey)
  4 yaks (D:10)
  A steam dragon (D:8)
  2 water moccasins
  Duvessa (D:4)
  3 orc warriors
  2 sky beasts (D:6)
  A black bear (D:6)
  3 ogres
  5 centaurs
  2 phantoms
  A kobold brigand (D:9)
  11 bullfrogs
  15 wights
  Dowan (D:4)
  13 killer bees
  5 howler monkeys
  A lava snake (D:10)
  3 hounds
  A bombardier beetle (D:5)
  2 jellies
  A gnoll bouda (D:8)
  10 orc priests
  3 iguanas
  14 orc wizards
  16 gnolls
  4 adders
  2 shadow imps
  2 white imps
  2 dart slugs
  53 orcs
  13 bats
  5 endoplasms
  5 giant cockroaches
  12 goblins
  7 hobgoblins
  4 jackals (D:2)
  6 quokkas
  7 ball pythons
  4 frilled lizards
  15 kobolds
  6 rats
287 creatures vanquished.

Notes
Turn   | Place    | Note
-------+----------+-------------------------------------------
     0 | D:1      | jasper the Mountain Dwarf Fighter began the quest for the
                  | Orb.
     0 | D:1      | Reached XP level 1. HP: 19/19 MP: 1/1
   141 | D:1      | Reached XP level 2. HP: 25/26 MP: 2/2
   368 | D:1      | Reached skill level 3 in Axes
   796 | D:2      | Reached XP level 3. HP: 31/31 MP: 3/3
  1158 | D:2      | Reached XP level 4. HP: 40/40 MP: 4/4
  1615 | D:3      | Reached skill level 1 in Dodging
  1653 | D:3      | Reached skill level 4 in Axes
  1660 | D:3      | Reached XP level 5. HP: 35/46 MP: 5/5
  2253 | D:4      | Noticed Dowan
  2321 | D:4      | Noticed Duvessa
  2334 | D:4      | Killed Duvessa
  2335 | D:4      | Reached XP level 6. HP: 31/52 MP: 6/6
  2342 | D:4      | Killed Dowan
  2343 | D:4      | Reached skill level 5 in Axes
  2895 | D:4      | Found a staircase to the Ecumenical Temple.
  2945 | Temple   | Entered the Ecumenical Temple
  2961 | Temple   | Became a worshipper of Warmaster Okawaru
  3224 | D:5      | Entered Level 5 of the Dungeon
  3263 | D:5      | Reached XP level 7. HP: 34/60 MP: 7/7
  3504 | D:5      | Reached skill level 6 in Axes
  3689 | D:5      | Reached skill level 5 in Fighting
  3737 | D:5      | Reached skill level 5 in Armour
  3976 | D:5      | Reached skill level 5 in Shields
  4149 | D:5      | Found a blossoming altar of Fedhas.
  4285 | D:5      | Reached * piety under Okawaru
  4294 | D:5      | Reached XP level 8. HP: 64/68 MP: 8/8
  4543 | D:5      | Found Keer's Antique Weapon Shop.
  4552 | D:5      | Bought a runed broad axe for 147 gold pieces
  4962 | D:6      | Reached skill level 7 in Axes
  5254 | D:6      | Reached ** piety under Okawaru
  5255 | D:6      | Reached skill level 8 in Axes
  5573 | D:7      | Reached XP level 9. HP: 55/75 MP: 9/9
  5774 | D:7      | Reached skill level 9 in Axes
  6088 | D:7      | Found a flagged portal.
  6097 | Bailey   | Entered a bailey
  6104 | Bailey   | Reached *** piety under Okawaru
  6281 | Bailey   | Noticed a vault guard
  6281 | Bailey   | Noticed Prince Ribbit
  6295 | Bailey   | Killed a vault guard
  6296 | Bailey   | Reached skill level 10 in Axes
  6296 | Bailey   | Reached XP level 10. HP: 57/86 MP: 8/10
  6298 | Bailey   | Killed Prince Ribbit
  6414 | Bailey   | Noticed a vault guard
  6431 | Bailey   | Killed a vault guard
  6431 | Bailey   | Reached **** piety under Okawaru
  6567 | Bailey   | Reached skill level 11 in Axes
  7081 | D:7      | Found a hazy altar of Hepliaklqana.
  7799 | D:8      | Found a glowing golden altar of the Shining One.
  7816 | D:8      | Found a radiant altar of Vehumet.
  7819 | D:8      | Found a shadowy altar of Dithmenos.
  7819 | D:8      | Found a hide-covered altar of Uskayaw.
  7825 | D:8      | Found a burning altar of Makhleb.
  8184 | D:9      | Noticed Maggie
  8194 | D:9      | Killed Maggie
  8194 | D:9      | Reached ***** piety under Okawaru
  8338 | D:9      | Reached skill level 1 in Invocations
  8391 | D:9      | Found a staircase to the Orcish Mines.
  8567 | D:9      | Found a staircase to the Lair.
  8740 | D:9      | Reached skill level 5 in Invocations
  9037 | Lair:1   | Entered Level 1 of the Lair of Beasts
  9105 | D:10     | Entered Level 10 of the Dungeon
  9297 | D:10     | Noticed a gargoyle
  9309 | D:10     | Killed a gargoyle
  9310 | D:10     | Reached XP level 11. HP: 49/94 MP: 8/15
 10100 | D:10     | Reached skill level 5 in Dodging
 10110 | D:10     | Noticed a catoblepas
 10125 | D:10     | Killed a catoblepas
 10126 | D:10     | Reached skill level 12 in Axes
 10139 | D:10     | Got Sif Muna's Annotations on the Lithic Jaunt
 10143 | D:10     | Learned a level 2 spell: Blink
 10218 | D:10     | Noticed a two-headed ogre
 10227 | D:10     | Killed a two-headed ogre
 10227 | D:10     | Received a gift from Okawaru
 10510 | D:10     | Identified the +0 robe "Zusain" {Harm rElec MP-9}
 10733 | D:11     | HP: 4/95 [cyclops (17)]
 10734 | D:11     | Demolished by a cyclops

Illustrated notes

Levels and vault maps discovered:
D:1:      dpeg_arrival_erosion, layout_loops_ring,
          chequers_serial_rivers_micro_a, minmay_misc_feat_ornament
D:2:      layout_loops_ring, dreamdust_mushroom_princess, chequers_jeans
D:3:      layout_rooms
D:4:      layout_loops_ring, minmay_temple_entry_statues, roderic_batcave,
          uniq_duvessa
D:5:      layout_layer_cave, mainiacjoe_overflow_surrounded_room, serial_shops,
          shop_fountains, minmay_misc_feat_iff
D:6:      layout_rooms
D:7:      hellmonk_crumbling_castle, layout_loops_ring,
          worldfamousw_hep_ancestral_shrine, enter_bailey_8
D:8:      layout_basic, nicolae_overflow_hallway_of_the_gods
D:9:      layout_rooms, lair_entry_dummy, david_orc_2, kennysheep_nondescript,
          uniq_maggie
D:10:     minmay_wavy_crystal, layout_layer_cave, kennysheep_dice
D:11:     layout_layer_cave, portal_ice_cave_entry_pillars_1,
          minmay_rotating_lava
Temple:   nicolae_temple_bog_church
Lair:1:   layout_chaotic_city, serial_forest, infiniplex_forest_straight_2,
          infiniplex_forest_end_2, infiniplex_forest_lined_2,
          infiniplex_forest_lined_room_2, infiniplex_forest_lined_room_2,
          beast_lair_carwin_8, uniq_sonja

Skill      XL: |  1  2  3  4  5  6  7  8  9 10 11 |
---------------+----------------------------------+-----
Axes           | 3 4 5 6 8 10 11 12 | 12.3
Dodging        | 1 2 3 4 5 |  5.1
Shields        | 4 5 6 7 8 |  8.3
Fighting       | 4 5 6 7 8 |  8.5
Armour         | 4 5 6 7 8 |  8.5
Invocations    | 6 8 |  8.0

Action                     |  1- 3 |  4- 6 |  7- 9 | 10-12 || total
---------------------------+-------+-------+-------+-------++-------
  Melee: War axe           |   110 |   152 |    70 |       ||   332
         Broad axe         |       |       |   151 |   218 ||   369
  Throw: Stone             |       |       |     1 |       ||     1
 Invoke: Heroism           |       |       |     1 |     2 ||     3
         Finesse           |       |       |       |     1 ||     1
  Evoke: Wand              |       |       |       |     1 ||     1
    Use: Scroll            |     2 |    11 |     5 |     7 ||    25
         Potion            |       |     4 |       |     2 ||     6
 Armour: Scale mail        |    33 |       |       |       ||    33
         Plate armour      |    76 |   139 |   175 |   233 ||   623
  Dodge: Dodged            |    37 |    57 |    71 |    97 ||   262
  Block: Buckler           |    34 |    45 |    55 |    67 ||   201

Table legend: (Time is in decaauts)
 A = Elapsed time spent in this place.
 B = Non-inter-level travel time spent in this place.
 C = Inter-level travel time spent in this place.
 D = Time resting spent in this place.
 E = Time spent auto-exploring this place.
 F = Levels seen in this place.
 G = Mean time per level.
                   A        B        C        D        E       F      G
               +--------+--------+--------+--------+--------+-----+--------+
         Total |  10858 |  10389 |    469 |    806 |   7431 |  14 |  775.6 |
       Dungeon |  10288 |   9849 |    439 |    706 |   7173 |  11 |  935.3 |
        Temple |     35 |      5 |     30 |      0 |      0 |   1 |   35.0 |
          Lair |      1 |      1 |      0 |      0 |      0 |   1 |    1.0 |
        Bailey |    532 |    532 |      0 |    100 |    257 |   1 |  532.0 |
               +--------+--------+--------+--------+--------+-----+--------+

Top non-repeatable levels by time:
     D:5: 1749 daAuts
    D:10: 1612 daAuts
     D:8: 1212 daAuts
     D:4: 1077 daAuts
     D:7: 1026 daAuts
     D:1: 806 daAuts
     D:9: 802 daAuts
     D:2: 712 daAuts
     D:3: 660 daAuts
     D:6: 614 daAuts
  Bailey: 532 daAuts
  Temple: 35 daAuts
    D:11: 13 daAuts
  Lair:1: 1 daAuts
